 Dungeon Crawl Stone Soup version 0.22-a0-284-g99d1f74 (webtiles) character file.

121 Azzok the Skirmisher (level 4, 0/45 HPs)
             Began as a Minotaur Fighter on Mar 20, 2018.
             Killed from afar by a white imp (5 damage)
             ... with a puff of frost
             ... summoned by Natasha
             ... on level 2 of the Dungeon.
             The game lasted 00:02:13 (1213 turns).

Azzok the Skirmisher (Minotaur Fighter)             Turns: 1213, Time: 00:02:14

Health: 0/45       AC:  8    Str: 21    XL:     4   Next: 76%
Magic:  3/3        EV:  7    Int:  6    God:
Gold:   91         SH:  9    Dex:  9    Spells: 3/3 levels left

rFire    . . .     SeeInvis .   a - +0 long sword
rCold    . . .     Gourm    .   c - +0 shield
rNeg     . . .     Faith    .   b - +0 scale mail
rPois    .         Spirit   .   (helmet restricted)
rElec    .         Reflect  .   (no cloak)
rCorr    .         Harm     .   e - +0 pair of gloves
MR       +....                  (no boots)
Stlth    ..........             (no amulet)
HPRegen  0.15/turn              k - ring of protection from magic
MPRegen  0.08/turn              (no ring)

@: no status effects
A: retaliatory headbutt, horns 2
a: no special abilities


You were on level 2 of the Dungeon.
You were not hungry.

You visited 1 branch of the dungeon, and saw 2 of its levels.

You collected 91 gold pieces.

Inventory:

Hand Weapons
 a - a +0 long sword (weapon)
Armour
 b - a +0 scale mail (worn)
 c - a +0 shield (worn)
 e - a +0 pair of gloves (worn)
Jewellery
 k - a ring of protection from magic (left hand)
Scrolls
 g - 5 scrolls of identify {unknown}
 l - a scroll of remove curse {unknown}
 m - a scroll of enchant weapon {unknown}
 p - a scroll of magic mapping {unknown}
Potions
 d - a potion of might
 i - a potion of invisibility {unknown}
 j - a potion of brilliance {unknown}
 n - a potion of heal wounds
 o - a potion of resistance {unknown}
Comestibles
 f - 3 rations
 h - 9 chunks of flesh


   Skills:
 + Level 6.7 Fighting
 - Level 2.4 Long Blades
 - Level 3.6 Armour
 - Level 3.6 Shields


You had 3 spell levels left.
You didn't know any spells.

Dungeon Overview and Level Annotations

Branches:
Dungeon (2/15)

Altars:

Annotations:
D:2 Natasha


Innate Abilities, Weirdness & Mutations

You reflexively headbutt those who attack you in melee.
You have a pair of horns on your head.


Message History

Natasha is almost dead.
Natasha closely misses you. The white imp gestures at you.
The puff of frost hits you! The white imp gestures at you.
The puff of frost hits you!
* * * LOW HITPOINT WARNING * * *
Natasha claws you.
* * * LOW HITPOINT WARNING * * *
Some of the chunks of flesh in your inventory have rotted away.
You barely miss Natasha.
Natasha is almost dead.
Natasha mumbles some strange words.
You feel troubled. Natasha claws you.
* * * LOW HITPOINT WARNING * * *
The white imp grins evilly.
The white imp gestures at you. The puff of frost hits you!
You die...

▒·▒▒···▒·▒▒▒▒···▒
▒·▒▒···▒· ▒▒···
·▒▒▒ ▒·▒▒▒▒▒▒ ▒·
·····▒▒▒)▒ ·▒
▒▒▒·····▒ ·▒
······▒··▒ ▒·▒
▒▒▒▒▒····▒▒▒▒▒··▒
▒▒▒··h·····▒▒▒
▒▒(5@·▒▒···
▒·▒▒·▒▒·▒
▒····†··▒
········▒▒▒·▒▒
▒▒▒······ ···▒
▒··········▒
▒··········▒
▒·········%▒
▒··········▒


You could see Natasha and a white imp.

Vanquished Creatures
  Natasha (D:2)
  A gnoll (D:1)
  2 adders (D:2)
  2 oozes
  2 dart slugs
  A worm (D:2)
  A leopard gecko (D:1)
  4 bats
  2 giant cockroaches (D:1)
  7 hobgoblins
  6 jackals
  6 kobolds
  A ball python (D:1)
  4 frilled lizards
  6 goblins
  9 rats
55 creatures vanquished.

Notes
Turn   | Place    | Note
-------+----------+-------------------------------------------
     0 | D:1      | Azzok the Minotaur Fighter began the quest for the Orb.
     0 | D:1      | Reached XP level 1. HP: 19/19 MP: 0/0
    39 | D:1      | Reached skill level 4 in Fighting
    89 | D:1      | Reached XP level 2. HP: 19/28 MP: 1/1
   305 | D:1      | Reached skill level 5 in Fighting
   325 | D:1      | Reached XP level 3. HP: 25/36 MP: 2/2
   908 | D:2      | Reached skill level 6 in Fighting
   908 | D:2      | Reached XP level 4. HP: 39/44 MP: 3/3
  1136 | D:2      | Noticed Natasha
  1141 | D:2      | Killed Natasha
  1199 | D:2      | Noticed Natasha
  1213 | D:2      | Killed from afar by a white imp

Vault maps used:
D:1:      lightli_arrival_quake
D:2:      nicolae_overflow_crystal_walls, uniq_natasha

Skill      XL: |  1  2  3 |
---------------+----------+-----
Fighting       | 4 5 6 |  6.7
Long Blades    | |  2.4
Armour         | |  3.6
Shields        | |  3.6

Action                   |  1- 3 |  4- 6 || total
-------------------------+-------+-------++-------
Melee: Long sword        |    90 |    54 ||   144
       Headbutt          |     8 |     7 ||    15
  Eat: Chunk             |       |     1 ||     1
Armor: Scale mail        |    59 |    24 ||    83
Dodge: Dodged            |    32 |    16 ||    48
Block: Shield            |    60 |    21 ||    81
       Rpst.: Long sword |     7 |     4 ||    11

Table legend:
 A = Spawn XP
 B = Non-spawn XP
 C = Spawn XP percentage of total XP
 D = Spawn monster count
 E = Non-spawn monster count
 F = Spawn count percentage of total count
 G = Total turns spent on level
                    A         B        C        D         E        F      G
               +---------+---------+-------+---------+---------+-------+---------
         Total |       0 |     173 |   0.0 |       0 |      55 |   0.0 |  1213
               +---------+---------+-------+---------+---------+-------+---------
           D:1 |       0 |      71 |   0.0 |       0 |      32 |   0.0 |   876
           D:2 |       0 |     102 |   0.0 |       0 |      23 |   0.0 |   337
               +---------+---------+-------+---------+---------+-------+---------
